 Dungeon Crawl Stone Soup version 0.31-a0-263-ge8cad7f256 (webtiles) character file.

Game seed: 10335269393493831524

93 qw the Shooter (level 4, -2/37 HPs)
             Began as a Minotaur Hexslinger on July 13, 2023.
             Slain by an orc wizard
             ... wielding a +0 dagger
              (4 damage)
             ... on level 2 of the Dungeon.
             The game lasted 00:00:30 (1467 turns).

qw the Shooter (Minotaur Hexslinger)                Turns: 1467, Time: 00:00:30

Health: -2/37      AC:  2    Str: 12    XL:     4   Next: 36%
Magic:  4/4        EV: 12    Int: 10    God:
Gold:   113        SH:  0    Dex: 15    Spells: 4/5 levels left

rFire   . . .        Y - +1 sling
rCold   . . .        (no shield)
rNeg    . . .        c - +0 robe
rPois   +            (helmet restricted)
rElec   .            (no cloak)
rCorr   +            (no gloves)
SInv    .            (no boots)
Will    .....        e - amulet of faith
Stlth   +            f - ring of resist corrosion
HPRegen 0.26/turn    g - ring of poison resistance
MPRegen 0.09/turn

%: faith
@: no status effects
A: horns 2, retaliatory headbutt
a: no special abilities


You were on level 2 of the Dungeon.
You visited 1 branch of the dungeon, and saw 3 of its levels.

You collected 113 gold pieces.


Innate Abilities, Weirdness & Mutations

You have a pair of horns on your head.
You reflexively headbutt those who attack you in melee.


   Skills:
 - Level 2.5 Fighting
 + Level 4.7 Ranged Weapons
 - Level 2.1 Dodging
 - Level 1.0 Spellcasting
 - Level 2.0 Hexes


You had 4 spell levels left.
You knew the following spells:

 Your Spells              Type           Power      Damage    Failure   Level
a - Slow                  Hex            16%        N/A       16%         1

Your spell library contained the following spells:

 Spells                   Type           Power      Damage    Failure   Level
 Inner Flame              Hex/Fire       2%         N/A       56%         3
 Portal Projectile        Hex/Tloc       4%         N/A       56%         3
 Cause Fear               Hex            2%         N/A       83%         4

Inventory:

Hand Weapons
 Y - a +1 sling (weapon)
Armour
 c - a +0 robe (worn)
Jewellery
 e - an amulet of faith (around neck)
 f - a ring of resist corrosion (left hand)
 g - a ring of poison resistance (right hand)
Potions
 d - 2 potions of curing
 h - a potion of haste {unknown}
 i - a potion of enlightenment {unknown}
 m - a potion of resistance {unknown}

Dungeon Overview and Level Annotations

Branches:
Dungeon (3/15)

Altars:


Message History

The orc wizard hits you but does no damage.
You shoot a sling bullet.
The sling bullet closely misses the orc.
The orc hits you with a +0 club. x2; The orc barely misses you.
You furiously retaliate!
You headbutt the orc. The orc hits you but does no damage.
The orc wizard hits you with a +0 dagger.
You shoot a sling bullet. The sling bullet barely misses the orc.
The orc barely misses you. You furiously retaliate!
You headbutt the orc!
You kill the orc!
The orc barely misses you. x2; You furiously retaliate!
You headbutt the orc.
You kill the orc!
The orc hits you with a +0 hand axe.
The orc wizard points at you and mumbles some strange words.
The puff of flame hits you.
You shoot a sling bullet. The sling bullet hits the orc.
You kill the orc!
The orc hits you with a +0 hand axe. The orc wizard misses you.
The orc barely misses you. The orc wizard barely misses you.
You shoot a sling bullet.
The sling bullet closely misses the orc.
The orc misses you.
The orc wizard hits you but does no damage.
You shoot a sling bullet. The sling bullet hits the orc.
You kill the orc!
The orc wizard completely misses you.
You shoot a sling bullet. The sling bullet hits the orc wizard!
The orc wizard is heavily wounded.
The orc wizard closely misses you.
You shoot a sling bullet.
The sling bullet barely misses the orc wizard.
The orc wizard misses you.
You shoot a sling bullet.
The sling bullet barely misses the orc wizard.
The orc wizard barely misses you.
You shoot a sling bullet. The sling bullet hits the orc wizard.
The orc wizard is severely wounded.
The orc wizard barely misses you.
The orc wizard hits you with a +0 dagger.
You die...

##### #...# #...# #...#
######## #...# #..)@).#
#...# #..)o).# ##...#
#......# #....##
#......####### #.....#
#......##....# ###....%#
##......##....#
....###.####......!##....#
..........#..............#
....................#....#


You could see an orc wizard.

Vanquished Creatures
  A gnoll (D:2)
  4 adders (D:2)
  A worm (D:2)
  3 dart slugs
  4 orcs (D:2)
  3 ball pythons (D:1)
  2 bats
  An endoplasm (D:1)
  2 giant cockroaches
  4 goblins (D:2)
  4 hobgoblins
  A quokka (D:2)
  2 frilled lizards
  2 rats
34 creatures vanquished.

Notes
Turn   | Place    | Note
-------+----------+-------------------------------------------
     0 | D:1      | qw the Minotaur Hexslinger began the quest for the Orb.
     0 | D:1      | Reached XP level 1. HP: 16/16 MP: 1/1
     0 | D:1      | 0 ||| qw: Version: 0.3-a-52-g30416fa
     0 | D:1      | 0 ||| qw: Game counter: 7209
     0 | D:1      | 0 ||| qw: Melee chars always use a shield: true
     0 | D:1      | 0 ||| qw: God list: Okawaru
     0 | D:1      | 0 ||| qw: Allow faded altars: false
     0 | D:1      | 0 ||| qw: Do Orc after clearing Dungeon:15 true
     0 | D:1      | 0 ||| qw: Do second Lair branch before Depths: true
     0 | D:1      | 0 ||| qw: Lair rune preference: random
     0 | D:1      | 0 ||| qw: Goals: Normal
     0 | D:1      | 0 ||| PLANNING D:1-11
   437 | D:1      | Reached skill level 3 in Ranged Weapons
   437 | D:1      | Reached XP level 2. HP: 23/23 MP: 2/2
   730 | D:1      | 730 ||| UPGRADING to amulet of faith.
   735 | D:1      | 735 ||| UPGRADING to ring of resist corrosion.
   736 | D:1      | 736 ||| UPGRADING to ring of poison resistance.
   737 | D:1      | 737 ||| DROPPING scroll of poison.
   963 | D:2      | Reached XP level 3. HP: 30/30 MP: 3/3
  1003 | D:2      | Reached skill level 4 in Ranged Weapons
  1043 | D:2      | Reached XP level 4. HP: 37/37 MP: 4/4
  1184 | D:2      | Found a faded altar of an unknown god.
  1377 | D:2      | 1377 ||| READING scroll labelled FIVATEUNOGH.
  1378 | D:2      | 1378 ||| READING scroll labelled ZEROECA HILESI.
  1440 | D:2      | 1440 ||| READING scroll labelled SEL OGGOTWE.
  1441 | D:2      | 1441 ||| DRINKING 4 blue potions.
  1442 | D:2      | 1442 ||| DRINKING 2 puce potions.
  1443 | D:2      | 1443 ||| DRINKING 3 potions of curing.
  1443 | D:2      | 1443 ||| (to cure confusion)
  1444 | D:2      | 1444 ||| DROPPING potion of ambrosia.
  1454 | D:3      | 1454 ||| STAIRDANCE
  1460 | D:2      | HP: 5/37 [orc wizard/puff of flame (5)]
  1461 | D:2      | HP: 1/37 [orc/+0 hand axe (5)]
  1467 | D:2      | Slain by an orc wizard

Levels and vault maps discovered:
D:1:      amcnicky_arrival_double_pillar, layout_basic, kennysheep_pointless_box
D:2:      layout_rooms, shapermc_ecumenical_altar_mp_vishouse,
          minmay_quadrilaterals
D:3:      layout_loops_corners, ashenzari_conservatory_becter, minivault_5,
          chequers_serial_rivers_room_a

Skill      XL: |  1  2  3 |
---------------+----------+-----
Ranged Weapons | 3 4 |  4.7
Fighting       | 2 |  2.5
Dodging        | |  2.1
Spellcasting   | |  1.0
Hexes          | |  2.0

Action                     |  1- 3 |  4- 6 || total
---------------------------+-------+-------++-------
   Fire: Sling             |    59 |    43 ||   102
    Use: Scroll            |       |     3 ||     3
         Potion            |       |     3 ||     3
 Armour: Robe              |     4 |     8 ||    12
  Dodge: Dodged            |    24 |    26 ||    50

Table legend:
 A = Non-vault XP
 B = Vault XP
 C = Vault XP percentage of total XP
 D = Non-vault monster count
 E = Vault monster count
 F = Vault count percentage of total count
                 A         B        C        D         E       F
            +---------+---------+-------+---------+---------+-------
      Total |      93 |      40 |  30.1 |      28 |       6 |  17.6
            +---------+---------+-------+---------+---------+-------
        D:1 |      21 |       0 |   0.0 |      11 |       0 |   0.0
        D:2 |      72 |      40 |  35.7 |      17 |       6 |  26.1
            +---------+---------+-------+---------+---------+-------
